 Dungeon Crawl Stone Soup version 0.29-a0-919-gd064cfad1c (webtiles) character file.

Game seed: 11941233347427614980

81 avis the Chiller (level 4, -3/37 HPs)
             Began as a Demigod Ice Elementalist on July 26, 2022.
             Killed by an exploding rat (13 damage)
             ... ignited by their inner flame
             ... on level 3 of the Dungeon.
             The game lasted 00:14:50 (2233 turns).

avis the Chiller (Demigod Ice Elementalist)         Turns: 2233, Time: 00:14:50

Health: -3/37      AC:  2    Str:  9    XL:     4   Next: 0%
Magic:  9/9        EV: 13    Int: 17    God:
Gold:   6          SH:  0    Dex: 18    Spells: 2/6 levels left

rFire   + . .      SeeInvis .   g - +1 dagger
rCold   + . .      Faith    .   (no shield)
rNeg    . . .      Spirit   .   a - +0 robe
rPois   .          Reflect  .   (no helmet)
rElec   .          Harm     .   p - scarf {rC+ rF+}
rCorr   .          Rampage  .   (no gloves)
Will    .....                   (no boots)
Stlth   ++........              (no amulet)
HPRegen 0.12/turn               k - +4 ring of slaying
MPRegen 0.11/turn               (no ring)

@: no status effects
A: high MP 1, forlorn, divine attributes
a: no special abilities


You were on level 3 of the Dungeon.
You visited 1 branch of the dungeon, and saw 3 of its levels.

You collected 90 gold pieces.
You spent 84 gold pieces at shops.

Inventory:

Hand Weapons
 g - a +1 dagger (weapon)
Armour
 a - a +0 robe (worn)
 p - a scarf of resistance (worn)
Jewellery
 k - a +4 ring of slaying (left hand)
Scrolls
 d - 4 scrolls of noise
 j - a scroll of immolation
 l - 2 scrolls of teleportation
Potions
 b - a potion of magic
 e - a potion of curing
 f - a potion of cancellation
 h - a potion of flight {unknown}
 m - a potion of mutation {unknown}
 n - a potion of berserk rage {unknown}
 q - 3 potions of heal wounds {unknown}


   Skills:
 + Level 2.5 Fighting
 - Level 3.0 Dodging
 - Level 1.7 Stealth
 - Level 1.7 Spellcasting
 - Level 3.6 Ice Magic


You had 2 spell levels left.
You knew the following spells:

 Your Spells              Type           Power      Damage    Failure   Level
a - Freeze                Ice            52%        1d7       4%          1
o - Ozocubu's Armour      Ice            13%        N/A       14%         3

Your spell library contained the following spells:

 Spells                   Type           Power      Damage    Failure   Level
 Frozen Ramparts          Ice            26%        1d4       14%         3
 Hailstorm                Conj/Ice       7%         3d4       67%         4


Dungeon Overview and Level Annotations

Branches:
Dungeon (3/15)

Shops:
D:1 ?

Annotations:
D:1 Isolated scroll


Innate Abilities, Weirdness & Mutations

You have an increased reservoir of magic. (+10% MP)
You shall have no god before yourself.
Your divine heritage dramatically boosts your attributes as you level up.


Message History

The ball python barely misses your butterfly.
The ball python misses your butterfly.
You swap places.
The ball python bites your butterfly.
Your butterfly dies!
Your butterfly disappears in a burst of colours!
The kobold barely misses your butterfly.
The frilled lizard misses your butterfly.
There is a stone staircase leading up here.
As you read the scroll labelled VIESUR LO LOL, it crumbles to dust.
The creatures around you are filled with an inner flame!
It was a scroll of immolation.
The ball python closely misses your butterfly.
The ball python grabs your butterfly.
The ball python constricts your butterfly.
Your butterfly disappears in a burst of colours!
Your butterfly explodes!
The fiery explosion engulfs your butterfly!
Your butterfly disappears in a burst of colours!
The fiery explosion engulfs the kobold!!
The fiery explosion engulfs the ball python!!
The ball python explodes!
The fiery explosion engulfs your butterfly!!
Your butterfly disappears in a burst of colours!
The fiery explosion engulfs your butterfly!
Your butterfly disappears in a burst of colours!
Your butterfly explodes! x2
The fiery explosion engulfs your butterfly!!
Your butterfly disappears in a burst of colours!
Your butterfly explodes!
The kobold explodes!
The fiery explosion engulfs you! You resist.
The fiery explosion engulfs the frilled lizard!!
The frilled lizard explodes!
The fiery explosion engulfs your butterfly!!
Your butterfly disappears in a burst of colours!
The fiery explosion engulfs the rat!
The fiery explosion engulfs you! You resist.
* * * LOW HITPOINT WARNING * * *
The rat explodes!
The fiery explosion engulfs you! You resist.
You die...

#......
####.......
#...§§...##
#...§§§....
##...§§§§§!.
####..?§§§§§§..
#....§§§§§§.§##
####§§@§§§..).
#...§§b.bb....
#.........###..
#####...b.#
#####.# .# ..
... ...


There were no monsters in sight!

Vanquished Creatures
  3 adders (D:2)
  A worm (D:2)
  A dart slug (D:1)
  3 ball pythons
  4 endoplasms
  3 goblins
  6 hobgoblins
  11 jackals
  3 kobolds
  A quokka (D:1)
  3 bats (D:1)
  4 frilled lizards
  4 rats
47 creatures vanquished.

Notes
Turn   | Place    | Note
-------+----------+-------------------------------------------
     0 | D:1      | avis the Demigod Ice Elementalist began the quest for the
                  | Orb.
     0 | D:1      | Reached XP level 1. HP: 14/14 MP: 5/5
   217 | D:1      | Reached skill level 1 in Fighting
   456 | D:1      | Reached XP level 2. HP: 19/23 MP: 4/7
   741 | D:1      | Found Fomp's Magic Scroll Shoppe.
   752 | D:1      | Bought a scroll of noise for 14 gold pieces
   752 | D:1      | Bought a scroll of identify for 28 gold pieces
  1161 | D:2      | Reached XP level 3. HP: 29/29 MP: 6/8
  1358 | D:2      | Learned a level 3 spell: Ozocubu's Armour
  1999 | D:2      | Reached XP level 4. HP: 37/37 MP: 7/9
  2197 | D:1      | Bought a scroll of teleportation for 42 gold pieces
  2233 | D:3      | Killed by an exploding rat... ignited by their inner flame

Illustrated notes

Levels and vault maps discovered:
D:1:      tarquinn_simple_flora_water_e, layout_rooms, serial_shops,
          nicolae_shop_trees, corexii_item_surrounded_by_moat,
          minmay_pentomino_o2
D:2:      layout_rooms, basic_altar, basic_ecumenical_altar
D:3:      layout_rooms, serial_shops, nicolae_shop_waterfront,
          ebering_ghost_inner_flame, gup_sewer_entry_bubbles, uniq_sigmund,
          uniq_natasha

Skill      XL: |  1  2  3 |
---------------+----------+-----
Fighting       | 1 2 |  2.5
Dodging        | 2 3 |  3.0
Stealth        | |  1.7
Spellcasting   | |  1.7
Ice Magic      | |  3.6

Action                   |  1- 3 |  4- 6 || total
-------------------------+-------+-------++-------
Melee: Dagger            |     6 |       ||     6
 Cast: Freeze            |    76 |       ||    76
  Use: Scroll            |     2 |     4 ||     6
 Stab: Sleeping          |     2 |       ||     2
Armor: Robe              |    10 |       ||    10
Dodge: Dodged            |    46 |       ||    46

Table legend: (Time is in decaauts)
 A = Elapsed time spent in this place.
 B = Non-inter-level travel time spent in this place.
 C = Inter-level travel time spent in this place.
 D = Time resting spent in this place.
 E = Time spent auto-exploring this place.
 F = Levels seen in this place.
 G = Mean time per level.
                   A        B        C        D        E       F      G
               +--------+--------+--------+--------+--------+-----+--------+
         Total |   2235 |   2091 |    144 |    961 |    673 |   3 |  745.0 |
       Dungeon |   2235 |   2091 |    144 |    961 |    673 |   3 |  745.0 |
               +--------+--------+--------+--------+--------+-----+--------+

Top non-repeatable levels by time:
     D:1: 1326 daAuts
     D:2: 903 daAuts
     D:3: 5 daAuts
